 Dungeon Crawl Stone Soup version 0.27.0-66-gdc8fb28755 (webtiles) character file.

Game seed: 17301142121993336111

7 Spectrina the Sneak (level 1, -11/13 HPs)
             Began as a Vampire Delver on Aug 20, 2021.
             Mangled by an orc warrior (13 damage)
             ... on level 6 of the Dungeon.
             The game lasted 00:00:48 (99 turns).

Spectrina the Sneak (Vampire Delver)                  Turns: 99, Time: 00:00:49

Health: -11/13     AC:  3    Str: 11    XL:     1   Next: 91%
Magic:  1/1        EV: 16    Int: 12    God:
Gold:   31         SH:  0    Dex: 15    Spells: 0/0 levels left

rFire    . . .     SeeInvis +   a - +0 short sword
rCold    + + +     Faith    .   (no shield)
rNeg     + + +     Spirit   .   b - +0 leather armour
rPois    ∞         Reflect  .   (no helmet)
rElec    .         Harm     .   (no cloak)
rCorr    .         Rampage  .   (no gloves)
Will     ++...                  (no boots)
Stlth    ++++++....             (no amulet)
HPRegen  0.00/turn              h - ring "Qyqeliti" {*Corrode rC+ Will++ EV+4 SInv}
MPRegen  0.07/turn              (no ring)

@: bloodless, inhibited regen
A: bloodless, fangs 3, see invisible, vampiric 1
a: Revivify


You were on level 6 of the Dungeon.
You visited 1 branch of the dungeon, and saw 2 of its levels.

You collected 31 gold pieces.

Inventory:

Hand Weapons
 a - a +0 short sword (weapon)
Missiles
 j - 11 stones (quivered)
Armour
 b - a +0 leather armour (worn)
Jewellery
 h - the ring "Qyqeliti" (left hand) {*Corrode rC+ Will++ EV+4 SInv}
   (You found it on level 6 of the Dungeon)

   [ring of evasion]

   EV:        It affects your evasion (+4).
   rC:        It protects you from cold.
   SInv:      It lets you see invisible.
   *Corrode:  It may corrode you when you take damage.
   Will:      It greatly increases your willpower.
Wands
 g - a wand of digging (3)
Scrolls
 c - a scroll of fog
 d - a scroll of magic mapping
 e - a scroll of fear
Potions
 f - a potion of haste


   Skills:
 - Level 2.6 Fighting
 - Level 2.1 Short Blades
 - Level 2.1 Dodging
 + Level 7.9 Stealth


You couldn't memorise any spells.
You didn't know any spells.
Your spell library was empty.

Dungeon Overview and Level Annotations

Branches:
Dungeon (6/15)
 Temple: D:4-7

Altars:


Innate Abilities, Weirdness & Mutations

You do not regenerate when monsters are visible.
You are frail without blood (-20% HP).
You can heal yourself when you bite living creatures.
You are immune to poison.
You have razor-sharp teeth.
You have supernaturally acute eyesight. (SInv)
You are afflicted with vampirism.


Message History

Unknown command.
A water moccasin comes into view.
You see here a +0 scale mail.
Okay, then.
Unknown command.
Found a glowing purple potion.
Found 20 gold pieces and 11 stones.
Found a war axe.
You hear the slow hiss of a distant avalanche of sand.
i - a glowing purple potion You now have 31 gold pieces (gained 20).
An ufetubus comes into view.
You see here 11 stones.
j - 11 stones An orc comes into view.
It is wielding a +0 whip. 3 orcs and an orc warrior come into view.
Found a viscous red potion.
Unknown command.
The helpless ufetubus fails to defend itself.
You impale the ufetubus!!
You kill the ufetubus!
Unknown command.
Unknown command.
The helpless orc fails to defend itself.
You bite the orc, and draw its blood! You puncture the orc!
You kill the orc!
The helpless orc warrior fails to defend itself.
You bite the orc warrior, and draw its blood!
You impale the orc warrior!!
The orc warrior is severely wounded.
The orc warrior hits you with a +0 halberd!
Ouch! That really hurt!
* * * LOW HITPOINT WARNING * * *
You hit the orc warrior but do no damage.
The orc warrior is severely wounded.
The orc warrior barely misses you.
It was a potion of cancellation.
You feel magically purged.
The orc warrior hits you with a +0 halberd!
Ouch! That really hurt!
You die...

#......................
#.....................
#........#....#......
#.......#....#......
♣.......#....#......
##...###########.....
.♣##....# #.....
......).# .....
...o.o.@# .....
#.....o.# #...o...#
#########


You could see an orc warrior and 3 orcs.

Vanquished Creatures
  An ufetubus (D:6)
  An orc (D:6)
2 creatures vanquished.

Notes
Turn   | Place    | Note
-------+----------+-------------------------------------------
     0 | D:5      | Spectrina the Vampire Delver began the quest for the Orb.
     0 | D:5      | Reached XP level 1. HP: 17/17 MP: 1/1
    41 | D:6      | Identified the ring "Qyqeliti" {*Corrode rC+ Will++ EV+4
                  | SInv}
    44 | D:6      | Noticed a water moccasin
    90 | D:6      | Noticed an orc warrior
    92 | D:6      | Noticed a small abomination
    99 | D:6      | Mangled by an orc warrior

Illustrated notes

Levels and vault maps discovered:
D:5:      layout_rooms, minmay_temple_entry_statues_pillars, nrook_mini_vaults,
          guppyfry_early_lair_pool
D:6:      layout_basic, gammafunk_ghost_abyssal_escape, enter_ossuary_2,
          chequers_serial_rivers_micro_a, fountainhead, corexii_shack,
          eino_tiny_chamber, fountainhead, uniq_crazy_yiuf_cottage

Action                   || total
-------------------------++-------
Melee: Short sword       ||     4
 Abil: Exsanguinate      ||     1
  Use: Potion            ||     1
 Stab: Sleeping          ||     3
Dodge: Dodged            ||     1
